 Dungeon Crawl Stone Soup version 0.25.0-45-g978344163c (webtiles) character file.

Game seed: 1399334377427089464

958 funkygono the Shooter (level 7, -6/61 HPs)
             Began as a Minotaur Hunter on July 12, 2020.
             Was an Initiate of the Shining One.
             Mangled by a four-headed hydra (10 damage)
             ... on level 7 of the Dungeon.
             The game lasted 00:07:59 (4798 turns).

funkygono the Shooter (Minotaur Hunter)             Turns: 4798, Time: 00:08:01

Health: -6/61      AC: 12    Str: 18    XL:     7   Next: 91%
Magic:  6/6        EV:  6    Int:  8    God:    the Shining One [......]
Gold:   203        SH:  0    Dex: 11    Spells: 6/6 levels left

rFire    . . .     SeeInvis .   a - +0 mace
rCold    . . .     Gourm    .   (no shield)
rNeg     . . .     Faith    .   k - +0 plate armour
rPois    .         Spirit   .   (helmet restricted)
rElec    .         Reflect  .   (no cloak)
rCorr    +         Harm     .   (no gloves)
MR       .....                  (no boots)
Stlth    ..........             (no amulet)
HPRegen  0.20/turn              h - ring of resist corrosion
MPRegen  0.10/turn              (no ring)

@: glowing
A: retaliatory headbutt, horns 2
a: Renounce Religion


You were on level 7 of the Dungeon.
You worshipped the Shining One.
The Shining One was noncommittal.
You were not hungry.

You visited 1 branch of the dungeon, and saw 5 of its levels.

You collected 203 gold pieces.

Inventory:

Hand Weapons
 a - a +0 mace (weapon)
 b - a +1 shortbow
Missiles
 d - 135 arrows
Armour
 k - a +0 plate armour (worn)
Jewellery
 h - a ring of resist corrosion (left hand)
Wands
 l - a wand of polymorph (9)
Scrolls
 m - a scroll of identify
 o - a scroll of remove curse
 p - a scroll of teleportation {unknown}
Potions
 c - 2 potions of flight
 g - a potion of lignification
 i - a potion of resistance {unknown}
 j - a potion of stabbing {unknown}
 n - a potion of ambrosia {unknown}
 r - a potion of might
Comestibles
 f - 4 rations


   Skills:
 + Level 5.1 Fighting
 + Level 6.1 Maces & Flails
 + Level 6.2 Bows
 + Level 5.1 Armour
 + Level 3.0 Dodging
 + Level 0.7 Stealth


You had 6 spell levels left.
You didn't know any spells.
Your spell library was empty.

Dungeon Overview and Level Annotations

Branches:
Dungeon (4/15)
 Temple: D:4-7

Altars:
Hepliaklqana
Kikubaaqudgha
Makhleb
Vehumet
Xom
The Shining One

Annotations:
D:7 1 runed translucent door


Innate Abilities, Weirdness & Mutations

You reflexively headbutt those who attack you in melee.
You have a pair of horns on your head.


Message History

The kobold demonologist casts a cantrip, but nothing happens.
The four-headed hydra barely misses you.
The four-headed hydra bites you! The four-headed hydra bites you.
The four-headed hydra bites you but does no damage.
You hit the four-headed hydra. You headbutt the four-headed hydra!
The four-headed hydra is lightly wounded.
The shadow imp spits at you.
The four-headed hydra bites you but does no damage.
The four-headed hydra bites you.
* * * LOW HITPOINT WARNING * * *
The four-headed hydra bites you but does no damage.
The four-headed hydra barely misses you.
You sock the four-headed hydra!
The four-headed hydra is moderately wounded.
The four-headed hydra bites you.
* * * LOW HITPOINT WARNING * * *
The four-headed hydra bites you!
* * * LOW HITPOINT WARNING * * *
The four-headed hydra bites you!
You die...

#..####..###.#.#.#.####
+####..###.#.#.#.#.#..#
.###..###...#.#.#.##.###
.'....+.....#.#.#.####
.###..###...#.##.##
###..###[#.#####
###..##)## .#
###..####.# ###'@D5K#
#####.# .# #


You could see a four-headed hydra, a kobold demonologist and a shadow imp.

Vanquished Creatures
  A slime creature (D:7)
  A hungry ghost (D:7)
  2 phantoms (D:7)
  An orc warrior (D:7)
  A bullfrog (D:7)
  A killer bee (D:7)
  A bullfrog zombie (D:7)
  A jelly (D:7)
  An iguana (D:4)
  A worker ant (D:7)
  6 adders
  2 oozes
  An adder skeleton (D:7)
  2 worms (D:3)
  8 leopard geckos
  2 orcs (D:3)
  A ball python (D:3)
  3 bats
  4 giant cockroaches
  6 goblins
  9 hobgoblins
  4 jackals
  3 frilled lizards
  8 kobolds
  8 rats
78 creatures vanquished.

Notes
Turn   | Place    | Note
-------+----------+-------------------------------------------
     0 | D:1      | funkygono the Minotaur Hunter began the quest for the Orb.
     0 | D:1      | Reached XP level 1. HP: 18/18 MP: 0/0
   157 | D:1      | Reached XP level 2. HP: 25/25 MP: 1/1
   195 | D:1      | Reached skill level 5 in Bows
   201 | D:1      | You fall into a shaft and drop 1 floor!
   604 | D:1      | Reached XP level 3. HP: 30/30 MP: 2/2
  1746 | D:2      | Reached XP level 4. HP: 35/37 MP: 3/3
  2181 | D:3      | Reached skill level 1 in Armour
  2944 | D:3      | Reached skill level 1 in Maces & Flails
  3407 | D:3      | Found a hazy altar of Hepliaklqana.
  3407 | D:3      | Found a radiant altar of Vehumet.
  3430 | D:3      | Found a faded altar of an unknown god.
  3432 | D:3      | Found a shimmering altar of Xom.
  3433 | D:3      | Found a burning altar of Makhleb.
  3598 | D:4      | Reached XP level 5. HP: 33/45 MP: 4/4
  3757 | D:4      | Found an ancient bone altar of Kikubaaqudgha.
  3764 | D:4      | Found a glowing golden altar of the Shining One.
  3770 | D:4      | Became a worshipper of the Shining One
  3916 | D:4      | You fall into a shaft and drop 3 floors!
  4059 | D:7      | Noticed a phantom
  4059 | D:7      | Noticed a phantom
  4059 | D:7      | Noticed a yak
  4092 | D:7      | Reached XP level 6. HP: 23/51 MP: 5/5
  4325 | D:7      | Noticed a hungry ghost
  4358 | D:7      | Killed a hungry ghost
  4478 | D:7      | Noticed an orc warrior
  4483 | D:7      | Reached XP level 7. HP: 42/59 MP: 6/6
  4489 | D:7      | Reached skill level 5 in Maces & Flails
  4763 | D:7      | Found a runed translucent door.
  4781 | D:7      | Noticed a kobold demonologist
  4781 | D:7      | Noticed a slime creature
  4785 | D:7      | Noticed a four-headed hydra
  4785 | D:7      | Noticed a chaos spawn
  4796 | D:7      | Killed a slime creature
  4796 | D:7      | Reached skill level 5 in Fighting
  4796 | D:7      | Reached skill level 5 in Armour
  4798 | D:7      | Mangled by a four-headed hydra

Illustrated notes

Levels and vault maps discovered:
D:1:      scummos_arrival_gate, layout_loops_ring
D:2:      layout_loops_ring
D:3:      layout_loops_ring, chequers_temple_overflow_minitemple
D:4:      layout_loops_ring, minitemple
D:7:      minmay_the_grid_triangle_9x9_rhombus_thin
          [minmay_the_grid_triangle_9x9_impossible_snake,
          minmay_the_grid_triangle_9x9_prize_special,
          minmay_the_grid_triangle_9x9_from_above,
          minmay_the_grid_triangle_9x9_subtriangle], layout_basic, serial_shops,
          nicolae_shop_behind_doors

Skill      XL: |  1  2  3  4  5  6  7 |
---------------+----------------------+-----
Bows           | 5 6 |  6.2
Armour         | 2 3 5 |  5.1
Fighting       | 3 4 5 |  5.1
Maces & Flails | 2 3 4 6 |  6.1
Dodging        | 3 |  3.0
Stealth        | |  0.7

Action                   |  1- 3 |  4- 6 |  7- 9 || total
-------------------------+-------+-------+-------++-------
Melee: Club              |    27 |       |       ||    27
       Headbutt          |    14 |    21 |     9 ||    44
       Mace              |    58 |   177 |    38 ||   273
 Fire: Shortbow          |    39 |    11 |       ||    50
  Use: Potion            |     2 |       |     1 ||     3
       Scroll            |       |     4 |       ||     4
  Eat: Chunk             |     3 |     7 |     1 ||    11
       Ration            |       |     2 |       ||     2
Armor: Leather armour    |    11 |       |       ||    11
       Plate armour      |    59 |   114 |    19 ||   192
Dodge: Dodged            |    54 |    64 |     9 ||   127
